 Dungeon Crawl Stone Soup version 0.27-a0-650-g8dd3ea4f36 (webtiles) character file.

Game seed: 1064826380116274390

249 tilp the Insei (level 6, -1/43 HPs)
             Began as an Octopode Transmuter on Mar 15, 2021.
             Slain by an orc
             ... wielding a +0 hand axe
              (9 damage)
             ... on level 4 of the Dungeon.
             The game lasted 00:06:12 (4845 turns).

tilp the Insei (Octopode Transmuter)                Turns: 4845, Time: 00:06:13

Health: -1/43      AC:  1    Str: 10    XL:     6   Next: 12%
Magic:  7/9        EV: 13    Int: 17    God:
Gold:   244        SH:  0    Dex: 12    Spells: 6/9 levels left

rFire    + . .     SeeInvis .     - Unarmed
rCold    x . .     Faith    .   (no shield)
rNeg     . . .     Spirit   .   (helmet restricted)
rPois    +         Reflect  .   (no amulet)
rElec    .         Harm     .   l - ring of poison resistance
rCorr    .         Rampage  .   m - ring of flight
Will     .....                  o - ring of fire
Stlth    +++.......             (no ring)
HPRegen  0.14/turn              (no ring)
MPRegen  0.11/turn              (no ring)
                                (no ring)
                                (no ring)

@: wereblooded
A: almost no armour, amphibious, 8 rings, camouflage 1, gelatinous body 1,
nimble swimmer 1, tentacles
a: Evoke Flight


You were on level 4 of the Dungeon.
You visited 1 branch of the dungeon, and saw 4 of its levels.

You collected 244 gold pieces.

Inventory:

Missiles
 c - 32 poisoned darts (quivered)
Jewellery
 l - a ring of poison resistance (left tentacle)
 m - a ring of flight (right tentacle)
 o - a ring of fire (on tentacle)
Wands
 i - a wand of mindburst (23)
Scrolls
 b - 2 scrolls of teleportation
 d - 6 scrolls of identify
 e - a scroll of fog
 f - a scroll of immolation
 j - a scroll of amnesia
Potions
 g - 4 potions of mutation
 n - a potion of cancellation


   Skills:
 - Level 4.0 Fighting
 - Level 2.0 Dodging
 - Level 4.0 Stealth
 + Level 4.3 Unarmed Combat
 - Level 2.0 Spellcasting
 - Level 2.0 Transmutations


You had 6 spell levels left.
You knew the following spells:

 Your Spells              Type           Power      Damage    Failure   Level
a - Beastly Appendage     Tmut           16%        N/A       9%          1
b - Wereblood             Tmut           8%         N/A       13%         2

Your spell library contained the following spells:

 Spells                   Type           Power      Damage    Failure   Level
 Spider Form              Tmut/Pois      2%         N/A       36%         3
 Ice Form                 Ice/Tmut       5%         N/A       77%         4
 Blade Hands              Tmut           4%         N/A       93%         5


Dungeon Overview and Level Annotations

Branches:
Dungeon (4/15)
 Temple: D:4-7

Altars:

Annotations:
D:3 2 transporters, 2 runed translucent doors, Crazy Yiuf; t4s4d4r's ghost, weakling DgDe
D:4 Robin


Innate Abilities, Weirdness & Mutations

You cannot wear most types of armour.
You are amphibious.
You can wear up to eight rings at the same time.
Your skin changes colour to match your surroundings (Stealth+).
Your rubbery body absorbs attacks. (AC +1, EV +1)
You are stealthy while swimming. (Stealth+)
You have tentacles for arms and can constrict up to eight enemies at once.


Message History

The orc wizard is moderately wounded.
You constrict the orc wizard. The orc hits you with a +0 hand axe.
The orc wizard barely misses you.
You tentacle-slap the orc wizard.
The orc wizard is heavily wounded.
You constrict the orc wizard. The orc hits you with a +0 hand axe.
* * * LOW HITPOINT WARNING * * *
The orc wizard closely misses you.
You barely miss the orc wizard.
You squeeze the orc wizard, but do no damage.
The orc wizard is heavily wounded.
You constrict the orc wizard. The orc hits you with a +0 hand axe.
* * * LOW HITPOINT WARNING * * *
The orc wizard points at you and mumbles some strange words.
You are confused.
You bump into the rock wall.
You constrict the orc wizard. The orc barely misses you.
The orc wizard points at you and mumbles some strange words.
The puff of flame hits you. You resist.
* * * LOW HITPOINT WARNING * * *
Unknown command.
You feel better.
You constrict the orc wizard. The orc hits you with a +0 hand axe!
* * * LOW HITPOINT WARNING * * *
The orc wizard barely misses you.
Unknown command.
You tentacle-slap the orc wizard but do no damage.
The orc wizard is almost dead.
You howl as the wereblood boils in your veins!
You constrict the orc wizard.
You kill the orc wizard!
Unknown command.
You bludgeon the orc!
You kill the orc!
You closely miss the orc. You grab the orc. You constrict the orc.
The orc barely misses you.
You tentacle-slap the orc. You squeeze the orc.
You kill the orc!
The orc hits you with a +0 hand axe!
You die...

#........##........ .
#.#................ ..
#.................. ..
#..........<....#..
#.#...............#..
#....#.?!....#.......
#.................
#..####[)........####.#.
#.....o@........## #....
#..#####.?....#.# .....
#.......... ...#!
........#..#... #.
#.....####..# # #.
.....#.# ... ....
######.. .#...... !..
...... ......


You could see an orc.

Vanquished Creatures
  2 orc wizards
  3 gnolls (D:3)
  9 adders
  An adder skeleton (D:3)
  A worm (D:2)
  A dart slug (D:3)
  5 leopard geckos
  6 orcs
  2 giant cockroaches (D:1)
  7 hobgoblins
  2 quokkas
  7 ball pythons
  5 bats
  A frilled lizard (D:2)
  10 goblins
  7 kobolds
  7 rats
76 creatures vanquished.

Notes
Turn   | Place    | Note
-------+----------+-------------------------------------------
     0 | D:1      | tilp the Octopode Transmuter began the quest for the Orb.
     0 | D:1      | Reached XP level 1. HP: 13/13 MP: 3/3
   102 | D:1      | Reached skill level 1 in Stealth
   700 | D:1      | Reached XP level 2. HP: 18/18 MP: 3/5
   703 | D:1      | Learned a level 2 spell: Wereblood
  1364 | D:2      | Reached XP level 3. HP: 21/23 MP: 6/6
  1986 | D:2      | Reached XP level 4. HP: 20/29 MP: 5/7
  3314 | D:3      | Reached XP level 5. HP: 31/36 MP: 6/8
  3367 | D:3      | Found a transporter.
  3772 | D:3      | Found a transporter.
  4294 | D:3      | Found a runed translucent door.
  4295 | D:3      | Noticed Crazy Yiuf
  4328 | D:3      | Found a runed translucent door.
  4335 | D:3      | Noticed t4s4d4r's ghost (weakling DgDe)
  4537 | D:4      | Noticed Robin
  4834 | D:4      | Reached XP level 6. HP: 25/43 MP: 6/9
  4845 | D:4      | Slain by an orc

Illustrated notes

Levels and vault maps discovered:
D:1:      beargit_arrival_greenhouse, layout_basic
D:2:      layout_basic
D:3:      gammafunk_wand_slinger, layout_loops_cross, ebering_ghost_sewer_d,
          minmay_snake_closets, uniq_crazy_yiuf_cottage
D:4:      layout_rooms, uniq_robin

Skill      XL: |  1  2  3  4  5 |
---------------+----------------+-----
Stealth        | 2 3 4 |  4.0
Fighting       | 2 3 4 |  4.0
Unarmed Combat | 4 |  4.3
Dodging        | |  2.0
Spellcasting   | |  2.0
Transmutations | |  2.0

Action                   |  1- 3 |  4- 6 || total
-------------------------+-------+-------++-------
Melee: Unarmed           |    62 |   127 ||   189
       Constrict         |    19 |    37 ||    56
       Tentacles         |    11 |    14 ||    25
       Kick              |     8 |    16 ||    24
       Punch             |     1 |     3 ||     4
Throw: Dart              |     6 |     7 ||    13
 Cast: Beastly Appendage |    10 |    19 ||    29
       Wereblood         |     1 |    12 ||    13
  Use: Scroll            |     4 |     8 ||    12
       Potion            |       |     2 ||     2
 Stab: Sleeping          |     6 |     6 ||    12
Armor: Skin              |     3 |     9 ||    12
Dodge: Dodged            |    28 |    83 ||   111

Table legend: (Time is in decaauts)
 A = Elapsed time spent in this place.
 B = Non-inter-level travel time spent in this place.
 C = Inter-level travel time spent in this place.
 D = Time resting spent in this place.
 E = Time spent auto-exploring this place.
 F = Levels seen in this place.
 G = Mean time per level.
                   A        B        C        D        E       F      G
               +--------+--------+--------+--------+--------+-----+--------+
         Total |   4833 |   4637 |    196 |   1341 |   2516 |   4 | 1208.2 |
       Dungeon |   4833 |   4637 |    196 |   1341 |   2516 |   4 | 1208.2 |
               +--------+--------+--------+--------+--------+-----+--------+

Top non-repeatable levels by time:
     D:3: 2005 daAuts
     D:2: 1762 daAuts
     D:1: 1012 daAuts
     D:4: 53 daAuts
